 Dungeon Crawl Stone Soup version 0.31-a0-1-g4198be8af4 (webtiles) character file.

Game seed: 8601210944888896158

126545 juan097 the Fighter (level 16, -2/147 HPs)
             Began as a Pale Draconian Transmuter on Apr 30, 2023.
             Was the Champion of Nemelex Xobeh.
             Slain by a faun
             ... wielding a +0 spear
              (22 damage)
             ... on level 3 of the Shoals on May 1, 2023.
             The game lasted 02:10:25 (32292 turns).

juan097 the Fighter (Pale Draconian Transmuter)    Turns: 32292, Time: 02:10:26

Health: -2/147     AC: 15    Str: 15    XL:     16   Next: 44%
Magic:  21/25      EV: 18    Int: 16    God:    Nemelex Xobeh [******]
Gold:   1570       SH:  0    Dex: 15    Spells: 4/25 levels left

rFire   . . .        a - melded staff of cold "Xaaboeg" {rElec rC+ Will++ Dex+5}
rCold   + . .        (shield currently unavailable)
rNeg    . . .        (body armour unavailable)
rPois   .            g - +1 hat
rElec   .            X - +2 cloak
rCorr   .            G - melded +1 pair of gloves
SInv    .            w - +1 pair of boots "Uda Asuq" {rC+ Regen+}
Will    +....        v - amulet of regeneration
Stlth   ++           x - ring of willpower
HPRegen 2.04/turn    D - +4 ring of slaying {=R}
MPRegen 0.19/turn

%: no passive effects
@: lit by a corona, blade hands, weak-willed, wereblooded, glowing
A: breathe steam, AC +9, unfitting armour, cold-blooded, steam resistance
a: Breathe Steam, End Transformation, Renounce Religion, Draw Escape, Draw
Destruction, Draw Summoning, Triple Draw, Deal Four, Stack Five


You were on level 3 of the Shoals.
You worshipped Nemelex Xobeh.
Nemelex Xobeh was exalted by your worship.
You had blades for hands.
You visited 5 branches of the dungeon, and saw 26 of its levels.
You also visited: Gauntlet and Volcano.

You collected 3024 gold pieces.
You spent 1454 gold pieces at shops.

Inventory:

Hand Weapons
 b - the +8 sling of Checks and Balances {speed, rPois Str+3}
   (You found it in a Gauntlet)

   Str:       It affects your strength (+3).
   rPois:     It protects you from poison.
Missiles
 d - a throwing net
 j - 60 poisoned darts
 o - 29 boomerangs
 p - 7 silver javelins
 O - 9 javelins
 U - 13 curare-tipped darts
 Z - 3 silver boomerangs
Armour
 g - a +1 hat (worn)
 w - the +1 pair of boots "Uda Asuq" (worn) {rC+ Regen+}
   (You found it in a Gauntlet)

   rC:        It protects you from cold.
   Regen:     It increases your rate of health regeneration.
 G - a +1 pair of gloves (melded)
 X - a +2 cloak (worn)
Magical Staves
 a - the staff of cold "Xaaboeg" (melded) {rElec rC+ Will++ Dex+5}
   (You acquired it on level 1 of the Orcish Mines)

   [staff of cold]

   Base accuracy: +5 Base damage: 5 Base attack delay: 1.2 This weapon's minimum
   attack delay (0.6) is reached at skill level 12.
   Dex:       It affects your dexterity (+5).
   rC:        It protects you from cold.
   rElec:     It insulates you from electricity.
   Will:      It greatly increases your willpower.
   It falls into the 'Staves' category.
   It is a one-handed weapon.
 Y - a staff of fire
Jewellery
 e - the ring "Othrem" {rC+ Str+4 Int-3}
   (You found it in a Gauntlet)

   [ring of protection from cold]

   Str:       It affects your strength (+4).
   Int:       It affects your intelligence (-3).
   rC:        It protects you from cold.
 s - a ring of see invisible
 v - an amulet of regeneration (around neck)
 x - a ring of willpower (left blade hand)
 D - a +4 ring of slaying (right blade hand) {=R}
 L - a ring of poison resistance
 W - the ring "Gadobr Ciaff" {rC- rN+ rCorr Str+5 Stlth+}
   (You found it in a Gauntlet)

   [ring of resist corrosion]

   Str:       It affects your strength (+5).
   rC:        It makes you vulnerable to cold.
   rN:        It protects you from negative energy.
   rCorr:     It protects you from acid and corrosion.
   Stlth:     It makes you more stealthy.
Wands
 i - a wand of flame (6)
 u - a wand of quicksilver (6)
 E - a wand of paralysis (16)
 Q - a wand of roots (9)
Scrolls
 f - 3 scrolls of summoning
 h - 8 scrolls of fear
 l - 2 scrolls of magic mapping
 n - 9 scrolls of teleportation
 q - 6 scrolls of poison
 r - 9 scrolls of blinking
 t - 7 scrolls of enchant weapon
 y - a scroll of identify
 A - 9 scrolls of fog
 F - 2 scrolls of silence
 T - 2 scrolls of enchant armour
Potions
 c - 12 potions of curing
 k - 6 potions of haste
 m - 5 potions of resistance
 z - 7 potions of lignification
 B - 2 potions of invisibility
 C - 3 potions of brilliance
 H - 4 potions of mutation
 I - 5 potions of attraction
 J - 3 potions of cancellation
 K - 3 potions of magic
 M - 2 potions of might
 N - 8 potions of heal wounds
 S - 5 potions of flight
 V - 2 potions of ambrosia


   Skills:
 + Level 14.6 Fighting
 - Level 4.0 Ranged Weapons
 - Level 4.0 Throwing
 - Level 12.0 Dodging
 + Level 5.7 Stealth
 + Level 12.6 Unarmed Combat
 - Level 5.0 Spellcasting
 - Level 6.0 Translocations
 - Level 10.0 Transmutations
 + Level 7.3 Ice Magic
 - Level 6.0 Poison Magic
 - Level 12.0 Invocations
 - Level 4.0 Evocations


You had 4 spell levels left.
You knew the following spells:

 Your Spells              Type           Power      Damage    Failure   Level
a - Beastly Appendage     Tmut           72%        N/A       10%         1
b - Wereblood             Tmut           36%        N/A       11%         2
c - Spider Form           Tmut/Pois      29%        N/A       19%         3
d - Ice Form              Ice/Tmut       31%        N/A       30%         4
e - Blade Hands           Tmut           18%        N/A       38%         5
f - Apportation           Tloc           46%        N/A       17%         1
g - Blink                 Tloc           46%        N/A       21%         2
h - Ozocubu's Armour      Ice            27%        N/A       22%         3

Your spell library contained the following spells:

 Spells                   Type           Power      Damage    Failure   Level
 Sting                    Tmut/Pois      100%       1d8       12%         1
 Freeze                   Ice            100%       1d10      13%         1
 Frozen Ramparts          Ice            54%        1d9       22%         3
 Poisonous Vapours        Pois/Air       26%        N/A       38%         2
 Hailstorm                Conj/Ice       15%        3d5       45%         3
 Portal Projectile        Hex/Tloc       26%        N/A       52%         3
 Olgreb's Toxic Radiance  Pois           23%        N/A       52%         4
 Kiss of Death            Conj/Necr      16%        2d6       56%         1
 Necrotise                Necr           16%        1d4       56%         1
 Summon Small Mammal      Summ           16%        N/A       56%         1
 Petrify                  Tmut/Erth      20%        N/A       61%         4
 Static Discharge         Conj/Air       8%         2-3/arc   65%         2
 Call Canine Familiar     Summ           4%         N/A       82%         3
 Confusing Touch          Hex            4%         N/A       82%         3
 Summon Guardian Golem    Hex/Summ       4%         N/A       82%         3
 Vampiric Draining        Necr           4%         2d6       82%         3
 Airstrike                Air            2%         2d(1-17)  98%         4
 Anguish                  Hex/Necr       2%         N/A       98%         4
 Dispel Undead            Necr           4%         3d7       98%         4
 Summon Lightning Spire   Summ/Air       4%         N/A       98%         4
 Metabolic Englaciation   Hex/Ice        7%         N/A       95%         5
 Summon Forest            Summ/Tloc      6%         N/A       97%         5
 Dispersal                Tloc           11%        N/A       99%         6
 Agony                    Necr           4%         N/A       100%        5
 Summon Mana Viper        Hex/Summ       4%         N/A       100%        5
 Iron Shot                Conj/Erth      2%         9d2       100%        6
 Statue Form              Tmut/Erth      13%        N/A       100%        6
 Summon Cactus Giant      Summ           2%         N/A       100%        6
 Enfeeble                 Hex            2%         N/A       100%        7
 Ozocubu's Refrigeration  Ice            13%        4d10      100%        7
 Discord                  Hex            2%         N/A       100%        8
 Ignition                 Fire           2%         3d3       100%        8
 Animate Armour           Summ/Erth      Unusable   N/A       N/A         4

Dungeon Overview and Level Annotations

Branches:
Dungeon (15/15)            Temple (1/1) D:4            Lair (5/5) D:10
 Shoals (3/4) Lair:3       Spider (0/4) Lair:3        Slime (0/5) Lair:4
    Orc (2/2) D:9             Elf (0/3) Orc:2        Vaults (0/5) D:13
 Depths (0/4) D:15        Volcano (visited)         Gauntlet (visited)

Altars:
Ashenzari
Cheibriados
Dithmenos
Elyvilon
Fedhas
Gozag
Hepliaklqana
Kikubaaqudgha
Makhleb
Nemelex Xobeh
Okawaru
Qazlal
Ru
Sif Muna
Trog
Uskayaw
Vehumet
Wu Jian
Xom
Yredelemnul
Zin
The Shining One
Lugonu

Shops:
D:8 !   D:15 (   Orc:1 **[   Orc:2 (:*[   Shoals:1 [

Portals:
Abyss: D:3 Lair:5
Trove: D:12 (give +4 storm dragon scales)


Innate Abilities, Weirdness & Mutations

You have blades for hands.
Your spellcasting is less reliable in this form.
You are incapable of wielding weapons or throwing items.
You can breathe blasts of scalding, opaque steam.
Your pale cyan-grey scales are hard. (AC +9)
You cannot fit into any form of body armour.
You are cold-blooded and may be slowed by cold attacks.
You are immune to the effects of steam.


Message History

The faun shoots a sling bullet.
The sling bullet hits you!
* * * LOW HITPOINT WARNING * * *
The sling bullet freezes you.
* * * LOW HITPOINT WARNING * * *
Your centaur warrior barely misses the faun.
Your centaur warrior kicks the faun.
Your centaur warrior hits the faun.
Your centaur warrior kicks the faun.
The faun casts a spell at your centaur warrior.
Your centaur warrior's willpower is stripped away.
You slice the faun!!
You feel a bit better.
You kill the faun!
Your naga sharpshooter spits poison at the faun.
The splash of poison hits the faun.
The faun is poisoned.
The merfolk impaler closely misses you.
Your centaur warrior wields a +0 shortbow.
Your centaur warrior shoots an arrow.
The arrow closely misses the faun.
Your centaur warrior hits the faun!
Your centaur warrior kicks the faun.
The faun shoots a sling bullet.
The sling bullet hits your centaur warrior.
The faun unwields a +1 sling of freezing.
The faun wields a +0 spear.
The faun hits your centaur warrior with a +0 spear!!
The faun unwields a +0 sling.
The faun wields a +0 spear.
The faun hits you with a +0 spear!!
* * * LOW HITPOINT WARNING * * *
You slice the faun!!
The faun is heavily wounded.
The merfolk impaler hits you but does no damage.
Your centaur warrior closely misses the faun.
Your centaur warrior kicks the faun.
The merfolk impaler barely misses you.
You slash the faun!
The faun is severely wounded.
Your centaur warrior hits the faun!
Your centaur warrior barely misses the faun.
The faun shoots a sling bullet.
The sling bullet barely misses your centaur warrior.
The sling bullet misses you.
The faun hits you from afar with a +0 spear!!
You die...
Your body glows slightly brighter and disappears.

≈≈≈≈≈~~~......~~~~~~~~~~........#
≈≈≈≈~~~.......~~.~~.............#
≈≈~~~~~......~~~.#####. ........#
≈~~~~~~......~~##'# ........#
~~~~~~..[^....##~.# #.......#
~~~..~........#...# #....>..#
~~.....#.....##...# ##......#
~~.....#....##Nc).# ##......
~~~...##....#8.c@## #......
~~.........~##cc## #......
~~..~.......#8cm #..~~~.
~~~.~~[~~...##.. #P~~~~.
≈~~~~†~~...~##.. #.....P
≈~~~~~~.....##.. #...PP~
≈≈~~~~...##.##.. #....~.
≈≈~~~...†##.#8.. #~PPP~.
≈~~~~~......# #..~~~~


You could see a merfolk impaler, 3 fauns, a friendly naga sharpshooter
(summoned, catching breath) and 2 friendly centaur warriors.

Vanquished Creatures
  Jorgrun (Orc:1)
  An orc warlord (Orc:2)
  A stone giant (D:15)
  A red draconian (Volcano)
  The ghost of Esyecac the Fighter, a journeyman GnWn of Makhleb (D:12)
  An entropy weaver (Shoals:1)
  Josephine (D:11)
  2 merfolk impalers (Shoals:2)
  Erolcha (D:12)
  5 hydras
  A catoblepas (D:13)
  An alligator snapping turtle (Shoals:3)
  2 ogre magi (D:15)
  A satyr (Shoals:3)
  7 centaur warriors
  2 dancing weapons (D:13)
  2 merfolk aquamancers
  4 boulder beetles
  10 two-headed ogres
  3 tengu warriors
  A death yak (Gauntlet)
  An orc high priest (Orc:2)
  2 thrashing horrors (Lair:5)
  Sonja (Lair:4)
  4 sea snakes
  4 harpies (Shoals:2)
  A lindwurm (D:8)
  A harpy (shapeshifter) (D:14)
  3 deep elf pyromancers
  Pikel (D:5)
  8 orc knights
  14 fauns
  4 orc sorcerers
  10 manticores
  8 ugly things
  5 cyclopes
  A wolf spider (Lair:3)
  6 centaur zombies (D:10)
  17 elephants
  4 black mambas
  6 merfolk sirens
  2 torpor snails (Lair:2)
  3 water nymphs
  15 cane toads
  3 gargoyles
  3 smoke demons (Lair:5)
  7 komodo dragons
  An unseen horror (D:12)
  2 rime drakes
  3 yaktaurs (Volcano)
  8 kobold demonologists
  An unseen horror zombie (D:10)
  A tengu conjurer (D:13)
  8 merfolk
  3 ancient zymes (Lair:5)
  2 hornets
  6 trolls
  2 wind drakes
  A large abomination (Lair:5)
  A polar bear (Lair:4)
  Grinder (D:5)
  3 snapping turtles
  A raiju (shapeshifter) (D:15)
  10 dream sheep
  24 blink frogs
  12 flying skulls (Gauntlet)
  3 jumping spiders
  A culicivora (shapeshifter) (Lair:5)
  10 water elementals
  3 ynoxinuls
  A culicivora (Lair:3)
  4 wraiths
  9 shadows
  8 basilisks
  41 yaks
  2 vampires
  5 wyverns
  A chaos spawn (Lair:5)
  3 redbacks (D:8)
  A redback simulacrum (D:15)
  5 steam dragons
  Menkaure (D:4)
  Edmund (D:4)
  15 vampire mosquitoes
  4 wargs
  2 acid dragons
  13 water moccasins
  11 small abominations
  An ice beast (D:6)
  28 orc warriors
  2 black bears
  11 ogres
  23 centaurs
  9 wolves
  2 phantoms (D:4)
  A lemure (D:5)
  8 kobold brigands
  10 bullfrogs
  2 gnoll sergeants
  3 scorpions
  9 wights
  A howler monkey (D:10)
  4 electric eels (D:10)
  The ghost of hgbash the Firebug, a weakling OpFE (D:3)
  A lava snake (D:8)
  A hound (D:5)
  16 orc priests
  Crazy Yiuf (D:3)
  2 jellies
  2 sleepcaps
  Ijyb (D:4)
  Jessica (D:3)
  2 iguanas
  25 orc wizards
  5 hell rats (Lair:3)
  A boggart simulacrum (D:15)
  A howler monkey zombie (D:10)
  7 adders
  8 gnolls
  2 white imps (D:3)
  An ufetubus (D:3)
  3 worms
  A dart slug (D:2)
  104 orcs
  4 bats
  7 endoplasms
  6 giant cockroaches
  6 goblins
  3 hobgoblins
  10 jackals
  24 kobolds
  4 quokkas
  10 ball pythons
  3 frilled lizards
  10 rats
804 creatures vanquished.

Vanquished Creatures (collateral kills)
  A two-headed ogre (D:12)
  A merfolk (Shoals:3)
  A lava snake (D:8)
3 creatures vanquished.

Vanquished Creatures (others)
  27 fungi
  81 plants
  10 withered plants
118 creatures vanquished.

Grand Total: 925 creatures vanquished

Notes
Turn   | Place    | Note
-------+----------+-------------------------------------------
     0 | D:1      | juan097 the Draconian Transmuter began the quest for the
                  | Orb.
     0 | D:1      | Reached XP level 1. HP: 16/16 MP: 3/3
   155 | D:1      | Reached XP level 2. HP: 22/23 MP: 3/5
   561 | D:1      | Learned a level 2 spell: Wereblood
   916 | D:2      | Reached XP level 3. HP: 28/29 MP: 1/6
  1118 | D:2      | Reached skill level 2 in Fighting
  1359 | D:2      | Found a faded altar of an unknown god.
  1938 | D:3      | Reached XP level 4. HP: 25/36 MP: 3/7
  2008 | D:3      | Found a transporter.
  2038 | D:3      | Noticed a scorpion
  2051 | D:3      | Killed a scorpion
  2052 | D:3      | Reached XP level 5. HP: 30/44 MP: 8/8
  2291 | D:3      | Reached skill level 3 in Fighting
  2299 | D:3      | Reached skill level 5 in Unarmed Combat
  2442 | D:3      | Noticed a small abomination
  2453 | D:3      | Found a transporter.
  2719 | D:3      | Noticed Jessica
  2722 | D:3      | Killed Jessica
  2780 | D:3      | Found a runed translucent door.
  2781 | D:3      | Noticed Crazy Yiuf
  2832 | D:3      | Reached XP level 6. HP: 50/51 MP: 5/9
  3192 | D:4      | Noticed Menkaure
  3210 | D:4      | Killed Menkaure
  3215 | D:4      | Learned a level 3 spell: Spider Form
  3313 | D:4      | Identified the +5 rapier "Nyizifus" {flame, rElec rF-
                  | Stlth+}
  3480 | D:4      | Reached skill level 1 in Poison Magic
  3480 | D:4      | Your scales start taking on a pale cyan-grey colour.
  3480 | D:4      | Reached XP level 7. HP: 51/57 MP: 7/10
  3480 | D:4      | Gained mutation: You are immune to the effects of steam.
                  | [Pale Draconian growth]
  3588 | D:4      | Noticed Edmund
  3611 | D:4      | Killed Edmund
  3612 | D:4      | Reached skill level 1 in Stealth
  3812 | D:4      | Found a staircase to the Ecumenical Temple.
  3832 | Temple   | Entered the Ecumenical Temple
  3850 | Temple   | Became a worshipper of Nemelex Xobeh the Trickster
  4022 | D:4      | Noticed Ijyb
  4040 | D:4      | Killed Ijyb
  4210 | D:5      | Entered Level 5 of the Dungeon
  4220 | D:5      | Reached skill level 1 in Invocations
  4344 | D:5      | Noticed Pikel
  4374 | D:5      | Killed Pikel
  4375 | D:5      | Reached XP level 8. HP: 17/63 MP: 7/12
  4579 | D:5      | Noticed Grinder
  4879 | D:5      | Reached skill level 5 in Transmutations
  4913 | D:5      | Learned a level 4 spell: Ice Form
  5940 | D:6      | Reached XP level 9. HP: 69/69 MP: 9/13
  5953 | D:6      | Reached skill level 1 in Ice Magic
  5983 | D:6      | Found an iron altar of Okawaru.
  6184 | D:6      | Reached * piety under Nemelex Xobeh
  6818 | D:7      | Found a radiant altar of Vehumet.
  6845 | D:7      | Reached skill level 1 in Ranged Weapons
  6967 | D:7      | Found an ornate altar of the Wu Jian Council.
  7227 | D:7      | Received a gift from Nemelex Xobeh
  7416 | D:7      | Reached skill level 4 in Fighting
  7654 | D:8      | Reached skill level 5 in Fighting
  7713 | D:8      | Found Leuner's Distillery.
  7722 | D:8      | Bought a potion of curing for 36 gold pieces
  7722 | D:8      | Bought 2 potions of might for 96 gold pieces
  7722 | D:8      | Bought 2 potions of heal wounds for 120 gold pieces
  7722 | D:8      | Bought a potion of magic for 96 gold pieces
  7792 | D:8      | Reached ** piety under Nemelex Xobeh
  7954 | D:8      | Reached XP level 10. HP: 80/81 MP: 16/16
  8070 | D:8      | Reached skill level 6 in Fighting
  8201 | D:8      | Noticed a two-headed ogre
  8208 | D:8      | Killed a two-headed ogre
  8215 | D:8      | Learned a level 5 spell: Blade Hands
  8237 | D:8      | Found a runed translucent door.
  8507 | D:8      | Received a gift from Nemelex Xobeh
  9019 | D:3      | Killed Crazy Yiuf
  9140 | D:3      | Noticed hgbash's ghost (weakling OpFE)
  9144 | D:3      | Killed hgbash's ghost
  9201 | D:3      | Found a one-way gate to the infinite horrors of the Abyss.
  9457 | D:5      | Paralysed by Grinder for 4 turns
  9464 | D:5      | Killed Grinder
  9913 | D:8      | Found a runed translucent gate.
  9913 | D:8      | Found a runed translucent gate.
  9913 | D:8      | Found a runed translucent gate.
  9913 | D:8      | Found a runed translucent gate.
  9913 | D:8      | Found a runed translucent gate.
  9913 | D:8      | Found a runed translucent gate.
  9913 | D:8      | Noticed a lindwurm
  9913 | D:8      | Noticed a boulder beetle
  9931 | D:8      | Identified the -2 quarterstaff of a treasure trove {elec,
                  | Will+ MP+9}
  9937 | D:8      | Killed a boulder beetle
  9938 | D:8      | Reached skill level 7 in Fighting
  9938 | D:8      | Reached skill level 5 in Invocations
 10066 | D:9      | Identified the +8 quarterstaff of Qoujoqo {holy, Contam
                  | rCorr Int+3 Dex+2}
 10706 | D:9      | Found a staircase to the Orcish Mines.
 10947 | D:9      | Reached XP level 11. HP: 92/92 MP: 12/17
 11466 | D:8      | Bought a potion of brilliance for 48 gold pieces
 11466 | D:8      | Bought a potion of mutation for 96 gold pieces
 11588 | D:10     | Entered Level 10 of the Dungeon
 11598 | D:10     | Found a staircase to the Lair.
 11874 | D:10     | Reached *** piety under Nemelex Xobeh
 11898 | D:10     | Reached skill level 5 in Dodging
 12196 | D:10     | Reached skill level 8 in Fighting
 12715 | D:10     | Found a shimmering blue altar of Sif Muna.
 12728 | D:10     | Reached skill level 10 in Unarmed Combat
 12850 | D:10     | Found a bloodstained altar of Trog.
 13294 | Lair:1   | Entered Level 1 of the Lair of Beasts
 14004 | Lair:1   | Reached skill level 9 in Fighting
 14004 | Lair:1   | Reached XP level 12. HP: 102/104 MP: 11/18
 14132 | Lair:1   | Received a gift from Nemelex Xobeh
 14388 | Lair:2   | Noticed a six-headed hydra
 14404 | Lair:2   | Killed a six-headed hydra
 14676 | Lair:2   | Reached skill level 1 in Evocations
 14697 | Lair:2   | Found a gate leading to a gauntlet.
 14730 | Lair:2   | Reached skill level 1 in Throwing
 14730 | Lair:2   | Reached skill level 5 in Spellcasting
 14821 | Lair:2   | Reached **** piety under Nemelex Xobeh
 14837 | Gauntlet | Entered a Gauntlet
 14837 | Gauntlet | Found a transporter.
 14840 | Gauntlet | Found a transporter.
 14841 | Gauntlet | Noticed a catoblepas
 14843 | Gauntlet | Found a transporter.
 14844 | Gauntlet | Found a transporter.
 14847 | Gauntlet | Found a transporter.
 14848 | Gauntlet | Found a transporter.
 14849 | Gauntlet | Found a large runed translucent door.
 14850 | Gauntlet | Found a large runed translucent door.
 14851 | Gauntlet | Found a large runed translucent door.
 14851 | Gauntlet | Found a large runed translucent door.
 14851 | Gauntlet | Found a runed translucent door.
 14852 | Gauntlet | Found a large runed translucent door.
 14853 | Gauntlet | Found a large runed translucent door.
 14854 | Gauntlet | Found a large runed translucent door.
 14854 | Gauntlet | Found a large runed translucent door.
 14855 | Gauntlet | Found a runed translucent door.
 14855 | Gauntlet | Found a runed translucent gate.
 14855 | Gauntlet | Found a runed translucent gate.
 14855 | Gauntlet | Found a runed translucent gate.
 14855 | Gauntlet | Noticed a hell beast
 14856 | Gauntlet | Found a transporter.
 14857 | Gauntlet | Found a transporter.
 14877 | Gauntlet | Found a transporter.
 14894 | Gauntlet | Found a transporter.
 14898 | Gauntlet | Found a transporter.
 14899 | Gauntlet | Found a runed translucent door.
 14909 | Gauntlet | Found a transporter.
 14973 | Gauntlet | Found a large runed translucent door.
 14974 | Gauntlet | Found a large runed translucent door.
 14975 | Gauntlet | Found a large runed translucent door.
 14975 | Gauntlet | Found a large runed translucent door.
 14976 | Gauntlet | Found a large runed translucent door.
 14977 | Gauntlet | Found a large runed translucent door.
 14978 | Gauntlet | Found a large runed translucent door.
 14978 | Gauntlet | Found a large runed translucent door.
 15108 | Gauntlet | Identified the ring "Othrem" {rC+ Str+4 Int-3}
 15406 | Gauntlet | Identified the +1 pair of boots "Uda Asuq" {rC+ Regen+}
 15439 | Gauntlet | Identified the +8 sling of Checks and Balances {speed,
                  | rPois Str+3}
 15439 | Gauntlet | Identified the +8 morningstar of Fate {heavy, Str+6}
 15439 | Gauntlet | Identified the +7 plate armour of the Lizard {rPois rN+++
                  | Str+2 Int+3}
 15439 | Gauntlet | Identified the +1 kite shield of Trial and Error {rPois}
 15439 | Gauntlet | Noticed a minotaur
 15445 | Gauntlet | a minotaur changed into a death yak
 15445 | Gauntlet | Noticed a death yak
 15446 | Gauntlet | Received a gift from Nemelex Xobeh
 15464 | Gauntlet | Killed a death yak
 15471 | Gauntlet | Identified the ring "Gadobr Ciaff" {rC- rN+ rCorr Str+5
                  | Stlth+}
 15475 | Gauntlet | Got Uxzucw's Meditations on Orientation
 15810 | Lair:2   | Received a gift from Nemelex Xobeh
 16002 | Lair:2   | Reached skill level 10 in Fighting
 16526 | Lair:3   | You fall into a shaft and drop 1 floor!
 16536 | Lair:4   | Received a gift from Nemelex Xobeh
 16667 | Lair:3   | Noticed a boulder beetle
 16678 | Lair:3   | Killed a boulder beetle
 16795 | Lair:3   | Reached XP level 13. HP: 113/113 MP: 20/20
 16800 | Lair:3   | Found a staircase to the Shoals.
 16906 | Lair:3   | Identified the +4 ring mail "Woulujih" {rC+ rCorr Str-3
                  | Dex+2}
 17063 | Lair:3   | Reached skill level 10 in Transmutations
 17273 | Lair:3   | Received a gift from Nemelex Xobeh
 17646 | Lair:3   | Found a hole to the Spider Nest.
 17967 | Lair:4   | Noticed Sonja
 17973 | Lair:4   | Killed Sonja
 18142 | Lair:4   | Found a staircase to the Slime Pits.
 18199 | Lair:4   | Received a gift from Nemelex Xobeh
 18224 | Lair:4   | Reached ***** piety under Nemelex Xobeh
 19060 | Lair:4   | Received a gift from Nemelex Xobeh
 19342 | Lair:5   | Entered Level 5 of the Lair of Beasts
 19738 | Lair:5   | Reached skill level 11 in Fighting
 20240 | Lair:5   | Received a gift from Nemelex Xobeh
 20320 | Lair:5   | Reached XP level 14. HP: 112/124 MP: 14/21
 20464 | Lair:5   | Reached skill level 12 in Fighting
 20529 | Lair:5   | Reached skill level 10 in Dodging
 21029 | Lair:5   | Found a corrupted altar of Lugonu.
 21625 | Orc:1    | Entered Level 1 of the Orcish Mines
 21686 | Orc:1    | Received a gift from Nemelex Xobeh
 21701 | Orc:1    | Found Bilayxt's Antique Armour Shoppe.
 21716 | Orc:1    | Bought a pair of runed boots for 142 gold pieces
 21750 | Orc:1    | Found a dark tunnel.
 21761 | Orc:1    | Identified a scroll of acquirement
 21766 | Volcano  | Entered a volcano
 22084 | Orc:1    | Learned a level 1 spell: Apportation
 22087 | Orc:1    | Learned a level 2 spell: Blink
 22108 | Orc:1    | Received a gift from Nemelex Xobeh
 22365 | Orc:1    | Reached skill level 1 in Translocations
 22464 | Orc:1    | Noticed Jorgrun
 22472 | Orc:1    | Killed Jorgrun
 22522 | Orc:1    | Found Taova's Specific Store.
 22524 | Orc:1    | Found Ucucs's General Store.
 22887 | Orc:2    | Entered Level 2 of the Orcish Mines
 23152 | Orc:2    | Noticed an orc warlord
 23170 | Orc:2    | Killed an orc warlord
 23612 | Orc:2    | Found a staircase to the Elven Halls.
 23703 | Orc:2    | Reached skill level 13 in Fighting
 23768 | Orc:2    | Received a gift from Nemelex Xobeh
 23768 | Orc:2    | Found Afiusch's Antique Armour Shoppe.
 23842 | Orc:2    | Found Eluuly's General Store.
 23909 | Orc:2    | Reached ****** piety under Nemelex Xobeh
 24055 | Orc:2    | Found Fubu's Antique Weapon Shoppe.
 24071 | Orc:2    | Found Cumpecki's Book Shoppe.
 24430 | Orc:2    | Bought an amulet of regeneration for 390 gold pieces
 24430 | Orc:2    | Bought 3 curare-tipped darts for 46 gold pieces
 24441 | Orc:2    | Acquired the staff of cold "Xaaboeg" {rElec rC+ Will++
                  | Dex+5}
 24457 | Orc:2    | Bought Ozocubu's Autobiography for 384 gold pieces
 24462 | Orc:2    | Learned a level 3 spell: Ozocubu's Armour
 24813 | D:11     | Received a gift from Nemelex Xobeh
 24823 | D:11     | Reached skill level 5 in Translocations
 24853 | D:11     | Noticed Josephine
 24869 | D:11     | Killed Josephine
 24918 | D:11     | Found an ancient bone altar of Kikubaaqudgha.
 25537 | D:12     | Found a large runed translucent door.
 25543 | D:12     | Found a large runed translucent door.
 25545 | D:12     | Noticed Esyecac's ghost (journeyman GnWn)
 25545 | D:12     | Found the +8 demon trident "Rift" {distort, reach+}
 25600 | D:12     | Reached XP level 15. HP: 135/135 MP: 15/22
 25700 | D:12     | Identified the +2 leather armour of Cuinodd {Rampage rC-
                  | rN+}
 25756 | D:12     | Reached skill level 10 in Invocations
 25878 | D:12     | Noticed Erolcha
 25890 | D:12     | Killed Erolcha
 25993 | D:12     | Received a gift from Nemelex Xobeh
 26224 | D:12     | Found a portal to a secret trove of treasure.
 26350 | D:12     | Killed Esyecac's ghost
 26480 | D:13     | Reached skill level 5 in Ice Magic
 26757 | D:13     | Received a gift from Nemelex Xobeh
 26879 | D:13     | Found a gate to the Vaults.
 27157 | D:13     | Received a gift from Nemelex Xobeh
 28039 | D:14     | You fall into a shaft and drop 1 floor!
 28039 | D:15     | Entered Level 15 of the Dungeon
 28076 | D:15     | Received a gift from Nemelex Xobeh
 28240 | D:14     | Identified the +5 dagger of Youthful Indiscretion {freeze,
                  | Int+4}
 28409 | D:14     | Reached skill level 14 in Fighting
 28516 | D:14     | Received a gift from Nemelex Xobeh
 28882 | D:15     | Found Wuim's Weapon Shoppe.
 29089 | D:15     | Received a gift from Nemelex Xobeh
 29219 | D:15     | Found a staircase to the Depths.
 29553 | Shoals:1 | Entered Level 1 of the Shoals
 29864 | Shoals:1 | Reached XP level 16. HP: 146/146 MP: 19/25
 29866 | Shoals:1 | Received a gift from Nemelex Xobeh
 30314 | Shoals:1 | Received a gift from Nemelex Xobeh
 30534 | Shoals:1 | Reached skill level 5 in Stealth
 30659 | Shoals:1 | Found Daruled's Antique Armour Shoppe.
 31069 | Shoals:2 | Reached skill level 5 in Poison Magic
 31235 | Shoals:2 | Received a gift from Nemelex Xobeh
 31459 | Shoals:2 | Acquired 585 gold pieces
 31918 | Shoals:3 | Received a gift from Nemelex Xobeh
 32292 | Shoals:3 | Slain by a faun

Illustrated notes

Levels and vault maps discovered:
D:1:      minmay_arrival_open_corners, layout_loops_ring,
          chequers_serial_rivers_room_a, minmay_parallelograms,
          hangedman_decor_push, nrook_mini_vaults, nrook_uturn
D:2:      layout_loops_ring, hellmonk_ecumenical_altar_blasted,
          kennysheep_cross_bottleneck, minmay_randomly_rotated_circles
D:3:      layout_loops_ring, gammafunk_ghost_abyssal_escape,
          kennysheep_generic_room_10, uniq_jessica, uniq_crazy_yiuf_cottage
D:4:      layout_basic, minmay_temple_entry_junction, kennysheep_crisscross,
          uniq_menkaure, uniq_edmund, uniq_ijyb
D:5:      layout_basic, corexii_hall_statues_u, kennysheep_generic_room_2,
          uniq_pikel, uniq_grinder
D:6:      layout_loops_ring, okawaru_trees_2
D:7:      layout_cave_pods, mainiacjoe_overflow_catwalk,
          mainiacjoe_overflow_cross_hatched, minmay_misc_feat_x
D:8:      gammafunk_indiana_jones, layout_gridville, serial_shops, shop
D:9:      wander_river, layout_loops_ring, hiddenorc2_lemuel,
          serial_co_window_serial, co_window_of_opportunity_a,
          co_window_of_opportunity_a, co_window_of_opportunity_a,
          co_window_paths_a, co_window_paths_b, co_window_paths_a,
          co_window_paths_b, co_window_broadway_b, co_window_corner_b,
          co_window_corner_b, co_window_of_opportunity_c, co_window_broadway_b,
          co_window_paths_c, co_window_paths_d, glass_columns_a,
          glass_columns_a, glass_columns_a
D:10:     layout_rooms, nzn_overflow_gifts_of_might_and_magic, lair_entry_dummy,
          serial_undead, serial_undead_c, serial_undead_b, serial_undead_e,
          serial_undead_d, serial_undead_e, serial_bayou_ford_a
D:11:     layout_basic, kiku_gazebo_garden_becter, uniq_josephine
D:12:     minmay_general_purpose_star, layout_cave_pools,
          ebering_ghost_disaster_area, nicolae_trove_entry_diagonal,
          uniq_erolcha
D:13:     layout_stronghold, erik_vaults_1
D:14:     layout_loops_ring, serial_park_tiny_1
D:15:     grunt_enter_depths_snipers, layout_cave_pools, serial_shops, shop
Temple:   sentei_temple_godly_chess
Lair:1:   layout_cave_pods, serial_bayou_shore_b
Lair:2:   layout_cave_pods, gauntlet_entry_generic,
          nicolae_quartered_pool_little
Lair:3:   hellmonk_destroyed_diamonds, layout_cave_pods,
          nicolae_shoals_entry_flooding, spider_nest_entry_funnel_web
Lair:4:   wad_woods_structure_01, layout_regular_city,
          dpeg_slime_entry_enclosed, chequers_serial_rivers_micro_a, uniq_sonja
Lair:5:   hellmonk_lair_end_abyssal_woods, layout_loops_ring,
          grunt_megastairs_1, lemuel_fruit_fields
Shoals:1: layout_shoals, serial_shops, nicolae_shop_pleasant_corner_grove
Shoals:2: cheibrodos_shoals_baths, layout_shoals
Shoals:3: cheibrodos_shoals_oceanic_diplomacy, layout_shoals,
          nicolae_shoals_nautilus_by_nature
Orc:1:    cheibrodos_orc_arena, layout_caves, lightli_volcano_entry_magma_tube,
          serial_shops, nicolae_shop_tiny_statue_garden, nicolae_specific_store,
          nicolae_orc_stony_grotto, uniq_jorgrun
Orc:2:    grunt_orc_cross, layout_diamond_mine, basic_altar

Skill      XL: |  1  2  3  4  5  6  7  8  9 10 11 12 13 14 15 16 |
---------------+-------------------------------------------------+-----
Dodging        | 2 3 4 6 8 9 11 12 | 12.0
Fighting       | 2 3 5 7 9 10 11 13 14 | 14.6
Unarmed Combat | 4 5 6 8 10 11 12 | 12.6
Transmutations | 3 4 6 7 8 9 10 | 10.0
Poison Magic   | 1 3 6 |  6.0
Stealth        | 2 4 5 |  5.7
Invocations    | 3 4 5 6 8 9 12 | 12.0
Spellcasting   | 3 4 5 |  5.0
Ice Magic      | 4 6 7 |  7.3
Ranged Weapons | 2 4 |  4.0
Evocations     | 4 |  4.0
Throwing       | 3 4 |  4.0
Translocations | 5 6 |  6.0

Action                     |  1- 3 |  4- 6 |  7- 9 | 10-12 | 13-15 | 16-18 || total
---------------------------+-------+-------+-------+-------+-------+-------++-------
  Melee: Unarmed           |   107 |   126 |   227 |   456 |   993 |   165 ||  2074
         Tailslap          |    10 |    10 |    21 |    38 |   200 |    27 ||   306
         Headbutt          |     5 |    14 |    12 |    11 |     2 |       ||    44
         Kick              |     7 |    30 |    20 |    24 |     1 |       ||    82
         Punch             |       |     2 |     7 |    11 |   115 |    15 ||   150
         Rapier            |       |       |       |     6 |     9 |       ||    15
         Staff             |       |       |       |       |    11 |     2 ||    13
   Fire: Arbalest          |    21 |    18 |    43 |    33 |       |       ||   115
         Sling             |       |       |       |    33 |   140 |    29 ||   202
  Throw: Dart              |       |     3 |     9 |     2 |     6 |       ||    20
   Cast: Beastly Appendage |    14 |    14 |    15 |     6 |     2 |       ||    51
         Wereblood         |     2 |     6 |     8 |    18 |    50 |     5 ||    89
         Spider Form       |       |       |    12 |     8 |     1 |       ||    21
         Ice Form          |       |       |     1 |    23 |    15 |       ||    39
         Blade Hands       |       |       |       |    15 |   104 |    24 ||   143
         Ozocubu's Armour  |       |       |       |       |     5 |       ||     5
 Invoke: Draw Destruction  |       |       |       |     8 |     3 |     5 ||    16
         Draw Summoning    |       |       |       |     1 |     3 |     2 ||     6
         Triple Draw       |       |       |       |     1 |     1 |     2 ||     4
         Draw Escape       |       |       |       |     1 |       |       ||     1
         Deal Four         |       |       |       |       |     1 |     1 ||     2
Ability: Breathe Steam     |       |       |     3 |     5 |     7 |    16 ||    31
         End Transformatio |       |       |       |     1 |     3 |       ||     4
  Evoke: Wand              |       |       |       |     3 |     3 |     5 ||    11
    Use: Potion            |       |     1 |       |     3 |       |     2 ||     6
         Scroll            |       |       |     5 |    13 |    10 |     4 ||    32
   Stab: Sleeping          |       |       |     1 |     3 |     6 |     1 ||    11
         Paralysed         |       |       |       |       |     1 |       ||     1
         Distracted        |       |       |       |       |     1 |     3 ||     4
 Armour: Skin              |    32 |    21 |    39 |   133 |   321 |    53 ||   599
  Dodge: Dodged            |    70 |    69 |   131 |   305 |   855 |   190 ||  1620

Table legend: (Time is in decaauts)
 A = Elapsed time spent in this place.
 B = Non-inter-level travel time spent in this place.
 C = Inter-level travel time spent in this place.
 D = Time resting spent in this place.
 E = Time spent auto-exploring this place.
 F = Levels seen in this place.
 G = Mean time per level.
                   A        B        C        D        E       F      G
               +--------+--------+--------+--------+--------+-----+--------+
         Total |  32123 |  29768 |   2355 |     37 |  22807 |  28 | 1147.2 |
       Dungeon |  18300 |  16762 |   1538 |     32 |  13372 |  15 | 1220.0 |
        Temple |     24 |     24 |      0 |      0 |      2 |   1 |   24.0 |
          Lair |   7756 |   7259 |    497 |      5 |   5589 |   5 | 1551.2 |
        Shoals |   2657 |   2517 |    140 |      0 |   1816 |   3 |  885.7 |
  Orcish Mines |   2414 |   2235 |    179 |      0 |   1561 |   2 | 1207.0 |
       Volcano |    302 |    302 |      0 |      0 |     83 |   1 |  302.0 |
      Gauntlet |    666 |    666 |      0 |      0 |    384 |   1 |  666.0 |
               +--------+--------+--------+--------+--------+-----+--------+

Top non-repeatable levels by time:
  Lair:5: 1872 daAuts
  Lair:4: 1836 daAuts
     D:8: 1821 daAuts
    D:10: 1649 daAuts
     D:3: 1571 daAuts
     D:9: 1571 daAuts
  Lair:2: 1562 daAuts
  Lair:3: 1354 daAuts
   Orc:2: 1352 daAuts
    D:13: 1337 daAuts
     D:7: 1334 daAuts
     D:4: 1261 daAuts
     D:5: 1252 daAuts
Shoals:1: 1165 daAuts
  Lair:1: 1130 daAuts
